 Dungeon Crawl Stone Soup version 0.21.1-72-gffa868e (webtiles) character file.

3998 taaruk the Cleaver (level 10, -4/89 (90) HPs)
             Began as a Minotaur Berserker on Aug 5, 2018.
             Was an Elder of Trog.
             Killed from afar by an electric eel (10 damage)
             ... with a bolt of electricity
             ... on level 8 of the Dungeon.
             The game lasted 00:45:48 (6794 turns).

taaruk the Cleaver (Minotaur Berserker)             Turns: 6794, Time: 00:45:52

HP:   -4/89 (90)    AC: 18    Str: 25    XL:     10   Next: 3%
MP:   9/9           EV:  9    Int:  5    God:    Trog [****..]
Gold: 530           SH:  0    Dex:  9    Spells: 9/9 levels left

rFire    . . .     SeeInvis .   t - +3 hand axe (venom)
rCold    . . .     Gourm    .   (no shield)
rNeg     . . .     Faith    .   v - +0 plate armour
rPois    .         Spirit   .   (helmet restricted)
rElec    .         Reflect  .   i - +0 cloak
rCorr    .         Harm     .   p - +0 pair of gloves
MR       ++...                  (no boots)
Stlth    ..........             (no amulet)
HPRegen  1.24/turn              k - +1 ring of protection
MPRegen  0.11/turn              (no ring)

@: regenerating
A: retaliatory headbutt, horns 2
a: Berserk, Trog's Hand, Brothers in Arms, Burn Spellbooks, Renounce Religion


You were on level 8 of the Dungeon.
You worshipped Trog.
Trog was greatly pleased with you.
You were not hungry.

You visited 1 branch of the dungeon, and saw 8 of its levels.
You also visited: Sewer.

You collected 530 gold pieces.

Inventory:

Hand Weapons
 s - a +0 battleaxe
 t - a +3 hand axe of venom (weapon)
 y - a +2 vampiric dagger
 D - a +0 mace of holy wrath
 O - a +0 shortbow
 P - a +2 trident of venom
 T - a +0 war axe
 U - a cursed +4 mace
Missiles
 a - 156 arrows
 f - 72 bolts
 u - 6 tomahawks of dispersal (quivered)
 x - 4 tomahawks
 L - 17 poisoned needles
 V - 2 tomahawks of returning
Armour
 e - a +0 ring mail
 i - a +0 cloak (worn)
 p - a +0 pair of gloves (worn)
 r - a +0 chain mail
 v - a +0 plate armour (worn)
 E - a +0 buckler
 S - a +0 troll leather armour
 W - a +0 large shield
Magical Staves
 j - an uncursed staff of cold {unknown}
Jewellery
 k - a +1 ring of protection (left hand)
 H - an uncursed ring of ice {unknown}
 I - an uncursed ring of wizardry {unknown}
 Q - an uncursed ring of flight {unknown}
Wands
 G - a wand of acid (6)
 N - a wand of paralysis (2)
Scrolls
 b - a scroll of fear
 h - 2 scrolls of enchant weapon
 l - 3 scrolls of identify
 o - 7 scrolls of remove curse
 w - 3 scrolls of teleportation
 F - a scroll of blinking {unknown}
 K - a scroll of enchant armour {unknown}
 M - a scroll of amnesia {unknown}
 R - a scroll of fog {unknown}
Potions
 d - 2 potions of curing {unknown}
 g - 2 potions of invisibility {unknown}
 m - a potion of magic {unknown}
 n - 3 potions of heal wounds {unknown}
 q - a potion of brilliance {unknown}
 z - a potion of agility {unknown}
 A - 2 potions of ambrosia {unknown}
 B - 3 potions of haste {unknown}
 C - a potion of experience {unknown}
 J - a potion of flight {unknown}
 X - a potion of degeneration {unknown}
Comestibles
 c - 12 rations


   Skills:
 + Level 8.8 Fighting
 + Level 11.6 Axes
 + Level 10.0 Armour
 + Level 3.6 Dodging
 + Level 1.1 Stealth


You had 9 spell levels left.
You didn't know any spells.

Dungeon Overview and Level Annotations

Branches:
Dungeon (8/15)             Temple (0/1) D:6
   Lair: D:8-11

Altars:
Ashenzari
Cheibriados
Makhleb
Okawaru
Xom
Zin
The Shining One


Innate Abilities, Weirdness & Mutations

You reflexively headbutt those who attack you in melee.
You have a pair of horns on your head.


Message History

* * * LOW HITPOINT WARNING * * *
The hound barely misses you.
Okay, then.
As you read the scroll of teleportation, it crumbles to dust.
You feel strangely unstable. The hound closely misses you.
The electric eel shoots out a bolt of lightning at you!
The bolt of electricity hits you!
* * * LOW HITPOINT WARNING * * *
The hound barely misses you.
Items here: $ ( ) † a dagger of venom; 2 stones; 18 gold pieces; a kobold corpse The hound bites you but does no damage.
The hound bites you.
* * * LOW HITPOINT WARNING * * *
Your surroundings seem slightly different.
The electric eel shoots out a bolt of lightning at you!
The bolt of electricity hits you!
* * * LOW HITPOINT WARNING * * *
The electric eel shoots out a bolt of lightning at you!
The bolt of electricity hits you!
You die...

..........#
#............+
#...>.......<#
.............#
....≈.......(#
..≈≈≈......).#
.≈........†h)#
≈≈≈≈.........#######
≈≈≈;≈..@....§.......
≈≈≈≈≈..#########.###
....... ≈≈≈≈;..
≈≈..... ≈≈≈≈≈..
≈≈≈≈... ≈≈≈....


You could see a hound and 2 electric eels.

Vanquished Creatures
  A troll (D:8)
  A hippogriff (D:7)
  A hungry ghost (D:7)
  3 orc warriors
  2 ice beasts
  A hornet zombie (D:7)
  4 necrophages (D:7)
  3 centaurs
  3 ogres
  A big kobold (D:8)
  Blork the orc (D:6)
  4 bullfrogs
  The ghost of Tinamil the Sneak, an amateur SpEn (D:3)
  A scorpion (D:6)
  5 killer bees (D:7)
  4 wights (D:7)
  A howler monkey (D:7)
  5 crimson imps
  3 bullfrog zombies
  5 hounds
  A jelly (D:7)
  3 orc priests
  5 orc wizards
  2 bullfrog skeletons
  Natasha (thrice) (D:2)
  A hound skeleton (D:4)
  2 mummies
  A worker ant zombie (D:6)
  9 adders
  A shadow imp (D:7)
  13 oozes
  An adder zombie (D:7)
  An adder skeleton (D:7)
  4 worms
  2 dart slugs (D:1)
  13 leopard geckos
  16 orcs
  8 ball pythons (Sewer)
  11 bats
  15 giant cockroaches
  10 goblins
  7 hobgoblins
  2 jackals (D:7)
  4 kobolds
  2 quokkas
  17 frilled lizards
  A leopard gecko zombie (D:7)
  A quokka skeleton (D:7)
  8 rats
  3 withered plants (D:7)
217 creatures vanquished.

Notes
Turn   | Place    | Note
-------+----------+-------------------------------------------
     0 | D:1      | taaruk the Minotaur Berserker began the quest for the Orb.
     0 | D:1      | Reached XP level 1. HP: 19/19 MP: 0/0
   163 | D:1      | Reached XP level 2. HP: 19/27 MP: 1/1
   177 | D:1      | Reached skill level 4 in Axes
  1297 | D:2      | Noticed Natasha
  1297 | D:2      | Noticed a crimson imp
  1305 | D:2      | Killed Natasha
  1305 | D:2      | Reached XP level 3. HP: 29/33 MP: 2/2
  1310 | D:2      | Reached XP level 4. HP: 37/41 MP: 3/3
  1442 | D:2      | Reached skill level 5 in Axes
  1484 | D:2      | Reached ** piety under Trog
  1566 | D:2      | Noticed an orc warrior
  1568 | D:2      | Noticed Natasha
  1574 | D:2      | Killed an orc warrior
  1574 | D:2      | Reached XP level 5. HP: 47/47 MP: 4/4
  1574 | D:2      | Reached skill level 5 in Fighting
  1579 | D:2      | Killed Natasha
  1579 | D:2      | Reached skill level 6 in Axes
  1579 | D:2      | Reached XP level 6. HP: 56/56 MP: 5/5
  1667 | D:2      | Noticed Natasha
  1675 | D:2      | Killed Natasha
  2128 | D:3      | Noticed Tinamil's ghost (amateur SpEn)
  2148 | D:3      | Killed Tinamil's ghost
  2809 | D:4      | Reached skill level 7 in Axes
  2836 | D:4      | Reached XP level 7. HP: 54/61 MP: 6/6
  2912 | D:4      | Found a shimmering altar of Xom.
  2912 | D:4      | Found an iron altar of Okawaru.
  3013 | D:4      | Found a glowing drain.
  3036 | Sewer    | Entered a sewer
  3112 | Sewer    | Reached *** piety under Trog
  3360 | Sewer    | Reached skill level 5 in Armour
  3366 | Sewer    | Reached skill level 8 in Axes
  3614 | D:4      | Found a shattered altar of Ashenzari.
  4179 | D:5      | Entered Level 5 of the Dungeon
  4225 | D:5      | Reached **** piety under Trog
  4227 | D:5      | Reached XP level 8. HP: 70/70 MP: 7/7
  4285 | D:5      | Found a glowing golden altar of the Shining One.
  4450 | D:5      | Found a glowing silver altar of Zin.
  4721 | D:6      | Reached skill level 9 in Axes
  4721 | D:6      | Reached skill level 1 in Stealth
  4798 | D:6      | Found a staircase to the Ecumenical Temple.
  5115 | D:6      | Found a snail-covered altar of Cheibriados.
  5367 | D:6      | Noticed Blork the orc
  5373 | D:6      | Killed Blork the orc
  5610 | D:7      | Reached skill level 10 in Axes
  5619 | D:7      | Reached XP level 9. HP: 72/78 MP: 8/8
  5919 | D:7      | Received a gift from Trog
  6080 | D:7      | Reached skill level 11 in Axes
  6251 | D:7      | Found a burning altar of Makhleb.
  6765 | D:8      | Noticed a troll
  6782 | D:8      | Killed a troll
  6782 | D:8      | Reached XP level 10. HP: 40/89 MP: 9/9
  6783 | D:8      | Reached skill level 10 in Armour
  6794 | D:8      | Killed from afar by an electric eel

Skill      XL: |  1  2  3  4  5  6  7  8  9 10 |
---------------+-------------------------------+-----
Axes           | 4 5 6 7 8 10 11 | 11.6
Fighting       | 4 5 6 7 8 |  8.8
Armour         | 3 4 6 7 9 10 | 10.0
Dodging        | 3 |  3.6
Stealth        | 1 |  1.1

Action                   |  1- 3 |  4- 6 |  7- 9 | 10-12 || total
-------------------------+-------+-------+-------+-------++-------
Melee: Hand axe          |    43 |    93 |   378 |     3 ||   517
       Headbutt          |     5 |    19 |    72 |     2 ||    98
Invok: Berserk           |       |     1 |     3 |       ||     4
       Trog's Hand       |       |     1 |     3 |       ||     4
       Burn Spellbooks   |       |       |     1 |       ||     1
  Use: Scroll            |       |       |     5 |     1 ||     6
  Eat: Chunk             |     1 |     6 |    12 |       ||    19
       Ration            |       |       |     3 |       ||     3
Armor: Ring mail         |    26 |     3 |       |       ||    29
       Chain mail        |       |    21 |       |       ||    21
       Plate armour      |       |    37 |   254 |    11 ||   302
Dodge: Dodged            |    35 |    41 |   149 |     5 ||   230
